Map: Dusk Towers

Players

capac - Winner!

  • Race: Terran Terran
  • League: Gold

A.I. 1 (Elite)

  • Race: Zerg Zerg

VOD

Have the link to the VOD?

Description

Time

  • Played on: April 12, 2016, 12:36 p.m.
  • Length: 12:44
Show
View Real Time Build Order
Export as new Build Order

capac Terran - Winner!

Build Orders: Reaper Expand, MMM Bio 

Get SALT Encoding   

  12  0:00  SCV  
  13  0:13  SCV  
  14  0:18  Supply Depot  
  14  0:25  SCV  
  15  0:40  SCV  
  15  0:41  Barracks  
  16  0:44  Refinery  
  16  0:52  SCV  
  17  1:04  SCV  
  18  1:16  SCV  
  19  1:28  Orbital Command  
  19  1:31  Reaper  
  20  1:41  Command Center  
  20  1:53  Supply Depot  
  20  1:55  SCV  
  21  2:04  Marine  
  22  2:13  Factory  
  22  2:18  Barracks  
  22  2:20  SCV  
  23  2:25  Refinery  
  23  2:26  Barracks Reactor  
  23  2:34  SCV  
  24  2:46  SCV  
  25  2:55  Orbital Command  
  25  3:00  Starport  
  25  3:05  Marine x2  
  27  3:07  Barracks Tech Lab  
  27  3:10  SCV  
  28  3:18  Factory Reactor  
  28  3:22  SCV  
  28  3:23  SCV  
  28  3:26  Marine x2  
  32  3:27  Marine  
  33  3:37  SCV x2  
  35  3:42  Supply Depot  
  35  3:44  Marine x2  
  35  3:45  Marine  
  38  3:49  SCV x2  
  38  3:50  Starport Reactor  
  40  4:01  SCV x2  
  40  4:02  Marine x2  
  44  4:03  Marine  
  44  4:04  Supply Depot  
  44  4:08  Medivac x2  
  44  4:09  Stimpack  
  49  4:13  SCV x2  
  51  4:21  Refinery  
  51  4:22  Marine  
  51  4:23  Marine x2  
  54  4:25  Factory Tech Lab  
  54  4:26  SCV x2  
  54  4:28  Supply Depot  
  56  4:38  SCV x2  
  58  4:41  Marine  
  58  4:42  Marine x2  
  61  4:50  Siege Tank, SCV x2  
  61  4:52  Medivac  
  68  4:57  Supply Depot  
  68  5:00  Supply Depot  
  68  5:02  Refinery  
  68  5:05  Marine x2  
  70  5:19  Marine  
  71  5:22  Barracks  
  71  5:23  Supply Depot, Barracks x2  
  71  5:25  SCV x2  
  71  5:26  Marine x2  
  65  6:02  Marine x3  
  63  6:04  Siege Tank  
  63  6:06  Medivac x2  
  63  6:07  SCV x2  
  72  6:16  Supply Depot  
  72  6:17  Command Center  
  72  6:18  Barracks Reactor x2  
  72  6:19  Barracks Tech Lab  
  72  6:22  Engineering Bay  
  72  6:25  Engineering Bay, Marine x3  
  73  6:29  Liberator  
  73  6:30  Liberator  
  75  6:38  Marine  
  76  6:43  Marine x2  
  76  6:45  Supply Depot, Siege Tank  
  86  6:56  Marine x6  
  92  7:09  Marine, SCV x2  
  92  7:10  Marine  
  92  7:13  Marine  
  92  7:14  Supply Depot, Marine x4  
  101  7:19  Supply Depot  
  101  7:21  SCV  
  101  7:22  Siege Tank  
  105  7:27  Marine x3  
  108  7:31  Marine x2  
  108  7:32  SCV  
  108  7:33  SCV  
  112  7:47  Medivac x2  
  112  7:48  Combat Shields  
  112  7:49  Concussive Shells  
  116  7:53  Terran Infantry Weapons Level 1  
  116  7:54  Terran Infantry Armor Level 1  
  116  8:00  Armory  
  116  8:06  Orbital Command  
  116  8:08  Siege Tank  
  116  8:12  Liberator x2  
  119  8:18  Marauder x2  
  119  8:19  Marine x3  
  132  8:35  SCV x2  
  132  8:36  SCV  
  135  8:42  Marine x2  
  135  8:43  Marine x4  
  141  8:51  Supply Depot  
  141  8:52  Supply Depot  
  141  9:12  Factory  
  141  9:13  Marauder x2, Siege Tank  
  148  9:21  Liberator x2  
  131  9:29  Marine x3  
  131  9:30  Marine x3  
  135  9:34  Marauder x2  
  135  9:37  Terran Ship Weapons Level 1  
  139  9:41  Refinery, SCV x2  
  139  9:42  Refinery, SCV, Command Center  
  148  9:47  Marine  
  149  9:53  SCV  
  149  9:56  Marauder x2  
  149  9:57  Marine x2  
  149  9:58  Marine  
  157  10:04  Supply Depot  
  157  10:05  Supply Depot, Marine x3  
  160  10:07  Factory Tech Lab  
  160  10:12  Starport  
  160  10:15  Marine  
  161  10:30  Marine x3  
  161  10:31  Marine  
  161  10:32  Marauder x2, Marine  
  161  10:33  Marine  
  161  10:34  Supply Depot  
  171  10:37  Supply Depot  
  171  10:48  Marine  
  167  10:53  Marauder  
  163  11:37  Liberator x2  
  161  11:49  Marine  
  161  11:50  Marine x6  
  161  11:51  Marine  
  161  11:53  Siege Tank  
  178  12:09  Marauder x2  
Show
View Real Time Build Order
Export as new Build Order

A.I. 1 (Elite) Zerg 

Build Orders: Pool First 

Get SALT Encoding   

  12  0:00  Drone  
  13  0:12  Overlord  
  13  0:17  Drone  
  14  0:30  Drone x2  
  16  0:42  Spawning Pool  
  16  0:44  Drone  
  16  0:49  Drone  
  17  1:12  Hatchery, Drone  
  17  1:17  Extractor, Drone  
  17  1:21  Drone  
  18  1:27  Drone  
  19  1:38  Overlord  
  19  1:48  Queen  
  19  1:49  Drone  
  22  1:59  Zergling x2  
  23  2:10  Drone  
  24  2:21  Extractor, Drone  
  24  2:24  Queen, Drone  
  27  2:32  Drone  
  27  2:34  Drone  
  28  2:42  Zergling x2  
  29  2:45  Roach Warren  
  29  2:48  Drone  
  29  2:53  Drone  
  29  2:56  Zergling x2  
  31  2:59  Zergling x2  
  32  3:06  Overlord  
  32  3:09  Drone  
  32  3:12  Drone  
  34  3:28  Roach x3  
  34  3:29  Roach  
  42  3:37  Lair  
  42  3:42  Overlord  
  42  3:47  Overlord  
  42  3:51  Zergling x2  
  43  4:00  Zergling x4, Drone  
  43  4:02  Drone  
  47  4:04  Drone  
  47  4:06  Drone  
  49  4:10  Drone  
  49  4:13  Roach  
  54  4:17  Roach  
  54  4:21  Overlord  
  54  4:29  Drone  
  56  4:31  Drone  
  56  4:34  Drone  
  56  4:36  Drone  
  58  4:38  Infestation Pit, Drone  
  58  4:42  Overlord  
  58  4:45  Overlord  
  58  4:49  Roach  
  58  4:52  Roach  
  62  5:05  Hydralisk Den  
  61  5:09  Drone  
  61  5:11  Drone  
  61  5:12  Drone  
  65  5:14  Drone  
  65  5:16  Drone  
  65  5:17  Infestor x2  
  65  5:18  Drone  
  65  5:19  Drone  
  72  5:22  Drone  
  72  5:25  Overlord  
  72  5:27  Drone  
  74  5:30  Drone  
  74  5:33  Drone  
  74  5:34  Roach  
  74  5:35  Hydralisk, Drone  
  79  5:39  Hydralisk  
  77  5:43  Drone  
  77  5:46  Drone  
  77  5:49  Drone  
  71  5:51  Zergling x2  
  71  5:53  Zergling x2  
  67  6:00  Drone  
  67  6:03  Drone  
  67  6:05  Infestor, Drone x2  
  67  6:09  Roach x2  
  67  6:10  Roach  
  77  6:18  Extractor  
  76  6:19  Drone  
  76  6:23  Extractor  
  76  6:24  Infestor  
  76  6:25  Zergling x2  
  79  6:31  Evolution Chamber  
  79  6:32  Drone  
  79  6:34  Evolution Chamber  
  79  6:35  Hatchery, Drone  
  79  6:37  Drone  
  79  6:41  Drone  
  79  6:42  Drone x2  
  79  6:45  Drone  
  82  6:47  Overlord  
  82  6:56  Drone  
  82  6:57  Zerg Missile Weapons Level 1  
  82  6:58  Drone  
  82  7:00  Zerg Ground Armor Level 1  
  84  7:06  Ravager  
  84  7:07  Zergling x2  
  86  7:13  Roach  
  88  7:15  Overseer  
  88  7:20  Ravager, Overlord  
  88  7:22  Roach  
  91  7:26  Hydralisk  
  93  7:31  Hydralisk  
  93  7:35  Spine Crawler  
  94  7:38  Spine Crawler  
  94  7:41  Queen  
  95  7:45  Overlord, Infestor  
  95  7:47  Drone  
  95  7:48  Drone x4  
  95  7:49  Drone  
  103  7:54  Drone  
  103  7:57  Extractor, Drone  
  104  7:59  Drone  
  104  8:05  Drone  
  106  8:08  Drone  
  106  8:09  Drone  
  108  8:16  Overlord, Roach x2  
  108  8:17  Roach  
  108  8:18  Infestor  
  116  8:20  Hatchery, Extractor, Drone  
  116  8:22  Pathogen Glands  
  115  8:27  Drone  
  115  8:29  Drone  
  115  8:31  Drone  
  118  8:38  Overlord  
  118  8:40  Drone  
  119  8:41  Drone  
  119  8:45  Spore Crawler  
  119  8:48  Drone x3  
  122  8:50  Drone  
  122  8:51  Drone  
  122  8:52  Drone  
  122  8:55  Zerg Missile Weapons Level 2  
  125  9:00  Overlord  
  125  9:02  Drone  
  126  9:03  Drone  
  127  9:11  Spore Crawler  
  127  9:12  Queen  
  128  9:18  Zergling x4  
  128  9:19  Neural Parasite  
  128  9:20  Baneling Nest, Drone  
  128  9:21  Zergling x8, Roach x2  
  128  9:22  Metabolic Boost  
  111  9:24  Hydralisk  
  111  9:26  Roach x2  
  111  9:28  Overseer  
  95  9:32  Roach  
  95  9:35  Roach  
  95  9:36  Hydralisk  
  95  9:37  Drone  
  102  9:42  Drone  
  102  9:44  Zergling x2, Zerg Melee Weapons Level 1  
  102  9:45  Roach, Drone  
  107  9:46  Zergling x2  
  107  9:47  Ravager, Drone  
  107  9:48  Roach  
  107  9:52  Ravager, Zergling x4, Roach  
  117  9:53  Roach  
  117  9:57  Roach  
  117  9:58  Evolution Chamber, Drone  
  117  9:59  Roach  
  123  10:03  Hydralisk  
  123  10:05  Baneling  
  123  10:06  Baneling x2  
  125  10:07  Overlord  
  125  10:08  Baneling  
  125  10:09  Zergling x2, Baneling x3  
  125  10:10  Zergling x2  
  125  10:11  Baneling  
  125  10:12  Baneling  
  125  10:13  Zergling x2, Baneling x3, Infestor  
  125  10:14  Zergling x4  
  131  10:16  Baneling  
  131  10:17  Baneling  
  131  10:18  Zergling x2, Baneling  
  131  10:20  Baneling  
  131  10:21  Zergling x4, Baneling  
  131  10:29  Zergling x2, Baneling  
  131  10:31  Hydralisk  
  131  10:32  Zergling x2  
  131  10:34  Roach  
  125  10:35  Drone  
  125  10:39  Roach  
  125  10:41  Baneling x2, Drone  
  125  10:42  Zergling x2, Roach, Drone  
  119  10:43  Drone  
  118  10:50  Drone  
  118  10:52  Baneling x3, Drone  
  118  10:54  Drone  
  118  10:55  Roach, Drone  
  118  10:57  Drone  
  98  11:01  Roach  
  98  11:04  Roach, Hydralisk  
  98  11:11  Roach, Drone x2  
  66  11:27  Roach  
  66  11:31  Roach  
  63  11:33  Zergling x2  
  63  11:35  Zergling x2  
  63  11:38  Roach x2  
  63  11:39  Roach  
  57  11:43  Roach  
  59  11:51  Roach, Drone  
  60  11:54  Roach  
  31  12:30  Spawning Pool  
  31  12:37  Hatchery  
Tags
 
Add a new tag
Caveats
  • Supply blocks, unpowered buildings, or Contaminate may cause inaccurate times.
  • Supply counts are checked every 10 seconds.